 Dungeon Crawl Stone Soup version 0.28.0-45-g0d030f2227 (webtiles) character file.

Game seed: 4383747411442877215

6013 pkoi the Frost Mage (level 10, 0/65 (69) HPs)
             Began as a Demigod Ice Elementalist on Apr 22, 2022.
             Slain by a hornet (17 damage)
             ... on level 8 of the Dungeon.
             The game lasted 00:17:48 (14660 turns).

pkoi the Frost Mage (Demigod Ice Elementalist)     Turns: 14660, Time: 00:17:48

HP:   0/65 (69)     AC:  2    Str: 15    XL:     10   Next: 31%
MP:   20/24         EV: 12    Int: 29    God:
Gold: 620           SH:  0    Dex: 14    Spells: 18/23 levels left

rFire   . . .      SeeInvis +   b - +11 hand axe of the Other Side {protect, Will+}
rCold   . . .      Faith    .   (no shield)
rNeg    . . .      Spirit   .   a - +0 robe
rPois   .          Reflect  .   (no helmet)
rElec   .          Harm     .   (no cloak)
rCorr   .          Rampage  .   (no gloves)
Will    ++...                   (no boots)
Stlth   ++........              (no amulet)
HPRegen 0.20/turn               f - ring of see invisible
MPRegen 0.19/turn               g - +6 ring of strength

@: freezing walls, slowed, drained, very slow
A: high MP 1, forlorn, divine attributes
a: no special abilities


You were on level 8 of the Dungeon.
You visited 1 branch of the dungeon, and saw 8 of its levels.

You collected 620 gold pieces.

Inventory:

Hand Weapons
 b - the +11 hand axe of the Other Side (weapon) {protect, Will+}
   (You found it on level 2 of the Dungeon)

   It grants its wielder temporary protection when it strikes (+7 to AC).
   Will:      It increases your willpower.
 c - a +1 dagger
 d - a +0 whip
Armour
 a - a +0 robe (worn)
Jewellery
 f - a ring of see invisible (left hand)
 g - a +6 ring of strength (right hand)
 s - an amulet of the acrobat
 x - an amulet of magic regeneration
Wands
 l - a wand of paralysis (3)
 o - a wand of mindburst (13)
 w - a wand of acid (7)
Scrolls
 h - a scroll of teleportation
 i - 2 scrolls of immolation {unknown}
 m - 6 scrolls of identify
 q - a scroll of magic mapping
 u - a scroll of amnesia {unknown}
 y - 2 scrolls of blinking
Potions
 e - 2 potions of curing
 j - 2 potions of resistance {unknown}
 k - 2 potions of cancellation {unknown}
 n - a potion of heal wounds {unknown}
 p - a potion of invisibility {unknown}
 r - a potion of mutation {unknown}
 t - a potion of haste
 v - a potion of degeneration {unknown}


   Skills:
 - Level 2.2 Dodging
 - Level 2.3 Stealth
 + Level 7.0 Spellcasting
 + Level 7.2 Conjurations
 + Level 8.3 Ice Magic
 + Level 6.8 Evocations


You had 18 spell levels left.
You knew the following spells:

 Your Spells              Type           Power      Damage    Failure   Level
a - Freeze                Ice            100%       1d11      1%          1
b - Magic Dart            Conj           100%       1d8       1%          1
c - Frozen Ramparts       Ice            100%       1d12      1%          3

Your spell library contained the following spells:

 Spells                   Type           Power      Damage    Failure   Level
 Ozocubu's Armour         Ice            55%        N/A       1%          3
 Hailstorm                Conj/Ice       53%        3d12      1%          4
 Mephitic Cloud           Conj/Pois/Air  24%        N/A       6%          3
 Call Imp                 Summ           10%        N/A       8%          2
 Corpse Rot               Necr/Air       20%        N/A       8%          2
 Summon Guardian Golem    Hex/Summ       10%        N/A       16%         3
 Dispel Undead            Necr           10%        3d9       45%         4
 Summon Forest            Summ/Tloc      5%         N/A       80%         5
 Summon Mana Viper        Hex/Summ       10%        N/A       80%         5
 Orb of Destruction       Conj           25%        9d9       92%         7
 Death Channel            Necr           5%         N/A       100%        6
 Summon Cactus Giant      Summ           5%         N/A       100%        6
 Spellforged Servitor     Conj/Summ      15%        N/A       100%        7


Dungeon Overview and Level Annotations

Branches:
Dungeon (8/15)             Temple (0/1) D:4            Lair (0/6) D:8

Shops:
D:2 (

Annotations:
D:4 3 runed translucent doors, Malificent's ghost, amateur OpTm
D:7 3 runed translucent doors, Icepheonix32's ghost, novice DsFi


Innate Abilities, Weirdness & Mutations

You have an increased reservoir of magic. (+10% MP)
You shall have no god before yourself.
Your divine heritage dramatically boosts your attributes as you level up.


Message History

The centaur hits you but does no damage.
The centaur barely misses you.
The wall freezes the bullfrog.
The bullfrog seems to slow down.
The bullfrog closely misses you.
The wall freezes the centaur.
The centaur hits you.
* * * LOW HITPOINT WARNING * * *
The centaur kicks you but does no damage.
You slash the centaur!
You kill the centaur!
You slash the bullfrog!
The wall freezes the bullfrog!
You kill the bullfrog!
Your Spellcasting skill increases to level 7!
Unknown command.
Unknown command.
Your frozen ramparts will break if you move.
Continue?
The frozen ramparts melt away as you move.
The hornet stings you but does no damage.
The howler monkey howls!
The howler monkey hoots and howls with incredible vigour!
The hornet stings you.
* * * LOW HITPOINT WARNING * * *
You are poisoned.
You feel yourself slow down.
Things that are here:
a +3 trident; a +0 robe
Casting: Frozen Ramparts (safe; 1% risk of failure)
Confirm with . or Enter, or press ? or * to list all spells.
Casting: Frozen Ramparts (safe; 1% risk of failure)
Press: ? - help, Dir - look around, f - activate The walls around you are covered in ice.
You feel very sick.
The wall freezes the hornet.
The hornet stings you!
* * * LOW HITPOINT WARNING * * *
You feel as though you will be slow longer.
A white imp comes into view.
The wall freezes the hornet.
The hornet stings you!
* * * LOW HITPOINT WARNING * * *
You feel as though you will be slow longer.
A kobold brigand comes into view.
It is wielding a +2 dagger of flaming and quivering poisoned darts.
You feel better.
The wall freezes the hornet.
The hornet stings you!
You die...

....##.F.♣..# ...
#.#....#.K.## ..#
.....#)#5#.#^.# # ####
#...#h#.#?.#
.########..#
#.........#
....)......#
#.....#####
#.###......# #.....#
#.###......# ###y###
#.##....#### #@#
...#.##.# #)#
.....##.########.######
........#.............#
..........#####.#####.#
.(...##.### #.#
........# #.#...
...####.# #.##.#
#..####.# #.....


You could see a hornet, a kobold brigand, a howler monkey (catching breath) and
a white imp (wandering).

Vanquished Creatures
  Erica (D:8)
  Grinder (D:5)
  6 yaks
  A wyvern (D:7)
  A steam dragon (D:7)
  4 water moccasins
  Duvessa (D:4)
  5 orc warriors
  2 ogres
  2 black bears (D:8)
  A necrophage (D:6)
  An ice beast (D:6)
  A sky beast (D:7)
  3 centaurs
  3 phantoms
  A gnoll sergeant (D:8)
  5 bullfrogs
  6 scorpions
  A water moccasin zombie (D:6)
  6 wights (D:8)
  Dowan (D:4)
  A bullfrog zombie (D:6)
  A centaur zombie (D:8)
  3 hounds
  A jelly (D:5)
  2 gnoll shamans
  2 orc priests
  A bullfrog skeleton (D:6)
  Terence (D:2)
  An iguana (D:5)
  4 orc wizards
  3 killer bee zombies (D:7)
  A howler monkey zombie (D:8)
  Robin (D:3)
  15 gnolls
  9 adders
  A shadow imp (D:5)
  3 white imps
  An adder skeleton (D:5)
  7 worms
  2 dart slugs
  27 orcs
  6 endoplasms
  4 giant cockroaches
  14 goblins
  11 hobgoblins
  6 jackals
  6 quokkas
  5 ball pythons
  3 bats
  A frilled lizard (D:2)
  A jackal skeleton (D:4)
  9 kobolds
  10 rats
216 creatures vanquished.

Vanquished Creatures (others)
  27 fungi (D:8)
  27 plants (D:8)
  4 toadstools (D:1)
58 creatures vanquished.

Grand Total: 274 creatures vanquished

Notes
Turn   | Place    | Note
-------+----------+-------------------------------------------
     0 | D:1      | pkoi the Demigod Ice Elementalist began the quest for the
                  | Orb.
     0 | D:1      | Reached XP level 1. HP: 14/14 MP: 5/5
   229 | D:1      | Reached XP level 2. HP: 20/20 MP: 5/7
   944 | D:1      | Learned a level 1 spell: Magic Dart
  1215 | D:1      | Reached XP level 3. HP: 26/26 MP: 6/8
  1451 | D:2      | Identified the +11 hand axe of the Other Side {protect,
                  | Will+}
  1783 | D:2      | Reached skill level 4 in Ice Magic
  1840 | D:2      | Found Yceniy Fisi's Antique Weapon Shoppe.
  2094 | D:2      | Noticed Terence
  2101 | D:2      | Killed Terence
  2102 | D:2      | Reached skill level 1 in Conjurations
  2102 | D:2      | Reached XP level 4. HP: 30/33 MP: 10/10
  2436 | D:3      | Learned a level 3 spell: Frozen Ramparts
  2720 | D:3      | Noticed Robin
  2724 | D:3      | Killed Robin
  3173 | D:3      | Reached XP level 5. HP: 35/38 MP: 7/12
  3597 | D:4      | Noticed Duvessa
  4191 | D:4      | Noticed Dowan
  4358 | D:4      | Killed Dowan
  4359 | D:4      | Reached skill level 1 in Evocations
  4849 | D:4      | Reached XP level 6. HP: 42/45 MP: 8/13
  5047 | D:4      | Found a staircase to the Ecumenical Temple.
  5110 | D:4      | Reached skill level 5 in Ice Magic
  5423 | D:4      | Killed Duvessa
  5424 | D:4      | Reached XP level 7. HP: 10/50 MP: 13/16
  6447 | D:4      | Found a runed translucent gate.
  6448 | D:4      | Found a runed translucent gate.
  6448 | D:4      | Identified the +0 leather armour of the Slorg {rC++ Int-4
                  | SInv Stlth+}
  6453 | D:4      | Found a runed translucent gate.
  6456 | D:4      | Noticed Malificent's ghost (amateur OpTm)
  6839 | D:5      | Entered Level 5 of the Dungeon
  7007 | D:5      | Noticed a yak
  7141 | D:5      | Noticed a yak
  7172 | D:4      | Killed a yak
  7817 | D:5      | Noticed Grinder
  7823 | D:5      | Killed Grinder
  7824 | D:5      | Reached skill level 6 in Ice Magic
  7824 | D:5      | Reached XP level 8. HP: 49/57 MP: 15/18
  7909 | D:5      | Reached skill level 5 in Spellcasting
  7914 | D:5      | Reached skill level 5 in Conjurations
  9022 | D:6      | Identified the +3 short sword of Ignis {vorpal, rC- Str+8
                  | Int-3 Stlth+}
  9061 | D:6      | Reached XP level 9. HP: 50/62 MP: 17/20
  9201 | D:6      | Reached skill level 5 in Evocations
 10159 | D:6      | Reached skill level 7 in Ice Magic
 12001 | D:7      | Found a runed translucent gate.
 12002 | D:7      | Found a runed translucent gate.
 12002 | D:7      | Found a runed translucent gate.
 12003 | D:7      | Noticed Icepheonix32's ghost (novice DsFi)
 13305 | D:8      | Found a staircase to the Lair.
 13370 | D:8      | Reached XP level 10. HP: 65/69 MP: 19/23
 13444 | D:8      | Noticed Erica
 13456 | D:8      | Killed Erica
 13457 | D:8      | Reached skill level 8 in Ice Magic
 14660 | D:8      | Slain by a hornet

Illustrated notes

Levels and vault maps discovered:
D:1:      grunt_arrival_lava_bath, layout_loops_ring, minmay_hedge_maze,
          minmay_gold_behind_fungi
D:2:      layout_basic, shapermc_ecumenical_altar_venn, serial_shops,
          nicolae_diamond_shop, grunt_decor_one_mirror, minmay_misc_feat_room,
          uniq_terence
D:3:      layout_loops_ring, uniq_robin
D:4:      layout_layer_cave, minmay_temple_entry_from_below_b,
          biasface_ghost_orc_armoury, nicolae_wormholes, uniq_duvessa
D:5:      layout_cave_pods, minmay_overflow_temple_star_quad, st_stairs_2,
          minmay_circle_x, uniq_grinder
D:6:      layout_basic, grunt_temple_overflow_open, general_overflow_altar,
          kennysheep_flooded_box
D:7:      layout_cave_pools, ebering_ghost_rock_garden,
          nicolae_figureground_pulse
D:8:      layout_loops_cross, led_sif_pool, due_lair_maze_entry_diamond,
          special_room [special_room_orc], roderic_lattice_a, minivault_10,
          minmay_ruined_shrine, uniq_erica

Skill      XL: |  1  2  3  4  5  6  7  8  9 10 |
---------------+-------------------------------+-----
Stealth        | 2 |  2.3
Dodging        | 2 |  2.2
Spellcasting   | 2 3 4 5 6 7 |  7.0
Ice Magic      | 4 5 6 7 8 |  8.3
Conjurations   | 1 2 3 4 5 6 7 |  7.2
Evocations     | 1 2 3 4 6 |  6.8

Action                   |  1- 3 |  4- 6 |  7- 9 | 10-12 || total
-------------------------+-------+-------+-------+-------++-------
Melee: Dagger            |    49 |       |       |       ||    49
       Unarmed           |     1 |       |       |       ||     1
       Punch             |     1 |     1 |     1 |       ||     3
       Hand axe          |    22 |    62 |   119 |    25 ||   228
 Cast: Freeze            |    30 |       |       |       ||    30
       Magic Dart        |       |    75 |   175 |     2 ||   252
       Frozen Ramparts   |       |    12 |    23 |    11 ||    46
  Use: Scroll            |     1 |       |     8 |       ||     9
       Potion            |       |       |       |     1 ||     1
 Stab: Sleeping          |     8 |     3 |     1 |       ||    12
Armor: Robe              |    21 |    12 |    40 |    18 ||    91
Dodge: Dodged            |    52 |    45 |    83 |    28 ||   208
